 Dungeon Crawl Stone Soup version 0.24-a0-581-gc0fa6600bf (webtiles) character file.

Game seed: 726961817512639095

80 Eightlegvermin the Conjurer (level 4, -10/33 HPs)
             Began as a Draconian Conjurer on Aug 24, 2019.
             Killed from afar by Ijyb (20 damage)
             ... with a bolt of acid
             ... on level 3 of the Dungeon.
             The game lasted 00:07:20 (2276 turns).

Eightlegvermin the Conjurer (Draconian Conjurer)    Turns: 2276, Time: 00:07:21

Health: -10/33     AC:  2    Str: 10    XL:     4   Next: 18%
Magic:  3/8        EV: 12    Int: 15    God:
Gold:   35         SH:  0    Dex: 13    Spells: 2/8 levels left

rFire    . . .     SeeInvis .   (no weapon)
rCold    . . .     Gourm    .   (no shield)
rNeg     . . .     Faith    .   (armour unavailable)
rPois    .         Spirit   .   (helmet restricted)
rElec    .         Reflect  .   (no cloak)
rCorr    .         Harm     .   i - +0 pair of gloves
MR       .....                  (no boots)
Stlth    ++........             (no amulet)
HPRegen  0.11/turn              k - ring of wizardry
MPRegen  0.11/turn              (no ring)

@: corroded
A: unfitting armour, cold-blooded, AC +5
a: no special abilities


You were on level 3 of the Dungeon.
You were hungry.

You visited 1 branch of the dungeon, and saw 3 of its levels.

You collected 35 gold pieces.

Inventory:

Armour
 i - a +0 pair of gloves (worn)
Jewellery
 k - a ring of wizardry (left hand)
Scrolls
 a - a scroll of amnesia
 h - a scroll of noise
 j - a scroll of identify
Potions
 c - 2 potions of heal wounds {unknown}
 d - a potion of might {unknown}
 e - a potion of ambrosia {unknown}
 f - 3 potions of haste {unknown}
 g - a potion of degeneration {unknown}
 m - a potion of brilliance {unknown}
Comestibles
 b - 3 rations
 l - a chunk of flesh


   Skills:
 - Level 1.7 Dodging
 * Level 2.5 Stealth
 + Level 2.6 Spellcasting
 + Level 5.0 Conjurations


You had 2 spell levels left.
You knew the following spells:

 Your Spells              Type           Power        Failure   Level  Hunger
a - Magic Dart            Conj           ###.         1%          1    #......
b - Searing Ray           Conj           ###...       1%          2    ##.....
c - Dazzling Spray        Conj/Hex       #.....       9%          3    ###....

Your spell library contained the following spells:

 Spells                   Type           Power        Failure   Level  Hunger
 Iskenderun's Mystic Bla  Conj           ###.....     11%         4    #####..
 Force Lance              Conj/Tloc      #.......     28%         4    #####..
 Fulminant Prism          Conj/Hex       #.........   28%         4    #####..


Dungeon Overview and Level Annotations

Branches:
Dungeon (3/15)

Altars:

Annotations:
D:3 Ijyb


Innate Abilities, Weirdness & Mutations

Your plain brown scales are hard. (AC +5)
You cannot fit into any form of body armour.
You are cold-blooded and may be slowed by cold attacks.


Message History

Aim: Ijyb, wielding a +0 dagger, wearing a +0 leather armour and carrying a wand of acid (10) (resting)
The searing ray hits Ijyb.
Ijyb is moderately wounded.
Ijyb shouts! (Press . to maintain the ray.)
You are feeling hungry.
The searing ray hits Ijyb.
Ijyb is moderately wounded.
Ijyb hits you but does no damage.
The searing ray misses Ijyb.
Ijyb hits you but does no damage.
The searing ray hits Ijyb.
Ijyb is heavily wounded.
You finish channeling your searing ray.
Ijyb closely misses you.
A hobgoblin comes into view.
Ijyb hits you but does no damage.
Ijyb zaps a wand.
The bolt of acid hits you! The acid corrodes you!
You are splashed with acid!
Ijyb zaps a wand.
The bolt of acid hits you!!
Ouch! That really hurt!
You die...

# #.
#.##
...
#g##
#.@#
####


You could see Ijyb.

Vanquished Creatures
  4 adders (D:2)
  2 dart slugs (D:1)
  A ball python (D:2)
  4 bats
  A giant cockroach (D:1)
  4 goblins (D:1)
  9 hobgoblins
  A frilled lizard (D:2)
  5 kobolds
  10 rats
41 creatures vanquished.

Notes
Turn   | Place    | Note
-------+----------+-------------------------------------------
     0 | D:1      | Eightlegvermin the Draconian Conjurer began the quest for
                  | the Orb.
     0 | D:1      | Reached XP level 1. HP: 14/14 MP: 3/3
   403 | D:1      | Reached XP level 2. HP: 20/20 MP: 1/5
   988 | D:1      | Reached XP level 3. HP: 26/26 MP: 3/6
  1028 | D:1      | Learned a level 2 spell: Searing Ray
  1032 | D:1      | Learned a level 3 spell: Dazzling Spray
  1665 | D:2      | Reached XP level 4. HP: 27/33 MP: 3/7
  1935 | D:2      | Reached skill level 5 in Conjurations
  2269 | D:3      | Noticed Ijyb
  2276 | D:3      | Killed from afar by Ijyb

Levels and vault maps discovered:
D:1:      saegor_arrival_simple_c, layout_loops_ring,
          chequers_serial_rivers_micro_c
D:2:      layout_basic
D:3:      layout_basic, old_standard_altar, mrwooster_statue_mirror, uniq_robin,
          uniq_ijyb, uniq_jessica

Skill      XL: |  1  2  3  4 |
---------------+-------------+-----
Stealth        | 2 |  2.5
Conjurations   | 5 |  5.0
Dodging        | |  1.7
Spellcasting   | |  2.6

Action                   |  1- 3 |  4- 6 || total
-------------------------+-------+-------++-------
Melee: Unarmed           |    16 |       ||    16
       Tailslap          |     2 |       ||     2
 Cast: Magic Dart        |    57 |    18 ||    75
       Searing Ray       |     5 |     1 ||     6
  Use: Scroll            |     5 |       ||     5
  Eat: Chunk             |     3 |     2 ||     5
Armor: Skin              |     3 |     2 ||     5
Dodge: Dodged            |    18 |     1 ||    19

Table legend:
 A = Non-vault XP
 B = Vault XP
 C = Vault XP percentage of total XP
 D = Non-vault monster count
 E = Vault monster count
 F = Vault count percentage of total count
                 A         B        C        D         E       F
            +---------+---------+-------+---------+---------+-------
      Total |     115 |       0 |   0.0 |      41 |       0 |   0.0
            +---------+---------+-------+---------+---------+-------
        D:1 |      43 |       0 |   0.0 |      24 |       0 |   0.0
        D:2 |      72 |       0 |   0.0 |      17 |       0 |   0.0
            +---------+---------+-------+---------+---------+-------
